 Dungeon Crawl Stone Soup version 0.28.0-1-gb440e238dd (webtiles) character file.

Game seed: 13570510978124558449

973 issech the Twirler (level 7, -1/61 HPs)
             Began as a Troll Monk on Feb 27, 2022.
             Was a Believer of Hepliaklqana.
             Slain by a steelbarb worm (glowing shapeshifter) (12 damage)
             ... on level 4 of the Dungeon.
             The game lasted 00:12:30 (3629 turns).

issech the Twirler (Troll Monk)                     Turns: 3629, Time: 00:12:31

Health: -1/61      AC: 10    Str: 20    XL:     7   Next: 94%
Magic:  6/6        EV: 10    Int:  6    God:    Hepliaklqana [**....]
Gold:   79         SH:  0    Dex: 14    Spells: 6/6 levels left

rFire   . . .      SeeInvis .   m - +4 quarterstaff (chaos)
rCold   . . .      Faith    .   (shield currently unavailable)
rNeg    . . .      Spirit   .   A - +0 swamp dragon scales
rPois   +          Reflect  .   (helmet restricted)
rElec   .          Harm     .   g - +0 cloak
rCorr   .          Rampage  .   (gloves unavailable)
Will    .....                   (boots unavailable)
Stlth   +.........              (no amulet)
HPRegen 1.00/turn               (no ring)
MPRegen 0.10/turn               (no ring)

@: spiked
A: reduced essence, large, unfitting armour, claws 3, regeneration 1, shaggy fur
1, tough skin 1
a: Renounce Religion, Recall Ancestor, Ancestor Identity


You were on level 4 of the Dungeon.
You worshipped Hepliaklqana.
Hepliaklqana was pleased with you.
You visited 1 branch of the dungeon, and saw 4 of its levels.

You collected 79 gold pieces.

Inventory:

Hand Weapons
 a - a +0 mace
 f - a +2 short sword of holy wrath
 m - a +4 quarterstaff of chaos (weapon)
Missiles
 c - 120 stones (quivered)
 h - 4 poisoned darts
 B - 22 arrows
Armour
 b - a +0 robe
 g - a +0 cloak (worn)
 n - a +0 cloak
 v - a +0 animal skin
 A - +0 swamp dragon scales (worn)
Magical Staves
 i - a staff of death
Jewellery
 y - an amulet of faith
Wands
 D - a wand of acid (7)
Scrolls
 d - a scroll of brand weapon {unknown}
 j - a scroll of amnesia {unknown}
 k - a scroll of torment {unknown}
 l - a scroll of immolation {unknown}
 o - 2 scrolls of teleportation {unknown}
 p - 2 scrolls of identify {unknown}
 t - a scroll of fog {unknown}
 w - a scroll of blinking {unknown}
 x - a scroll of vulnerability {unknown}
 C - a scroll of enchant armour {unknown}
Potions
 e - 2 potions of attraction {unknown}
 q - a potion of degeneration {unknown}
 r - a potion of cancellation {unknown}
 s - a potion of heal wounds {unknown}
 u - 2 potions of ambrosia {unknown}
 z - 3 potions of lignification {unknown}


   Skills:
 + Level 3.9 Fighting
 + Level 4.2(5.5) Maces & Flails
 + Level 4.7(5.4) Staves
 + Level 3.9 Dodging
 + Level 1.7 Stealth


You had 6 spell levels left.
You didn't know any spells.
Your spell library contained the following spells:

 Spells                   Type           Power      Damage    Failure   Level
 Tukima's Dance           Hex            0%         N/A       95%         3
 Anguish                  Hex/Necr       0%         N/A       100%        4
 Blade Hands              Tmut           0%         N/A       100%        5
 Irradiate                Conj/Tmut      0%         3d13      100%        5
 Dragon Form              Tmut           0%         N/A       100%        7
 Enfeeble                 Hex            0%         N/A       100%        7


Dungeon Overview and Level Annotations

Branches:
Dungeon (4/15)
 Temple: D:4-7

Altars:
Hepliaklqana

Shops:
D:1 =


Innate Abilities, Weirdness & Mutations

Your life essence is reduced to manifest your ancestor. (-10% HP)
You are too large for most types of armour.
You have claws for hands.
Your natural rate of healing is unusually fast.
You are covered in fur. (AC +1)
You have tough skin. (AC +1)


Message History

You hit the steelbarb worm but do no damage.
The steelbarb worm is moderately wounded.
The steelbarb worm hits you!
Barbed spikes become lodged in your body.
Huemac hits the steelbarb worm with a +0 quarterstaff!!
You hit the steelbarb worm but do no damage.
The steelbarb worm is heavily wounded.
The steelbarb worm hits you but does no damage.
Huemac hits the steelbarb worm with a +0 quarterstaff!
The steelbarb worm misses you.
You hit the steelbarb worm.
The steelbarb worm is severely wounded.
Huemac gestures at the steelbarb worm while chanting.
The puff of frost hits the steelbarb worm but does no damage.
The steelbarb worm closely misses Huemac.
You hit the steelbarb worm but do no damage.
The steelbarb worm suddenly seems more agile.
The steelbarb worm is severely wounded.
Huemac casts a spell at the steelbarb worm.
The stone arrow misses the steelbarb worm.
The steelbarb worm hits you.
Barbed spikes become lodged in your body.
You barely miss the steelbarb worm.
The steelbarb worm is severely wounded.
Huemac barely misses the steelbarb worm.
The steelbarb worm hits you.
Barbed spikes become lodged in your body.
You barely miss the steelbarb worm.
The steelbarb worm is severely wounded.
The steelbarb worm hits you!
* * * LOW HITPOINT WARNING * * *
Barbed spikes become lodged in your body.
Huemac hits the steelbarb worm with a +0 quarterstaff.
You hit the steelbarb worm.
Lightning courses through the steelbarb worm!
The steelbarb worm is almost dead.
The steelbarb worm hits you but does no damage.
Huemac completely misses the steelbarb worm.
The steelbarb worm hits you!
You die...

##...# #..####. ....##
##....#.. ###....#
#........
#......#####.#.....#
#......#.....#....##
#......#..........##
#...).##.##.........
##.......####..##.##
#.R@....## #..##....
#.w........#..###.##
#.......>.#.....#....#
##........#...........
#..................###
#........##...... #.
.......... ..... ##
#..........# # #


You could see the friendly Huemac the battlemage and a steelbarb worm shaped
shifter (agile, ally target).

Vanquished Creatures
  Grinder (D:3)
  Crazy Yiuf (D:2)
  An iguana (D:4)
  Robin (D:3)
  3 gnolls (D:3)
  9 adders
  An adder zombie (D:3)
  2 worms (D:2)
  7 dart slugs
  4 orcs (D:3)
  7 bats
  4 endoplasms
  A giant cockroach (D:1)
  12 hobgoblins
  6 jackals
  2 quokkas
  9 ball pythons
  8 frilled lizards
  13 goblins
  5 kobolds
  9 rats
106 creatures vanquished.

Vanquished Creatures (collateral kills)
  Sigmund (D:3)
  2 ogres (D:4)
  3 orc priests (D:3)
  A hound (D:4)
  An iguana (D:4)
  An adder (D:4)
  7 dart slugs (D:4)
  An orc (D:4)
  A ball python (D:4)
  A kobold (D:4)
19 creatures vanquished.

Vanquished Creatures (others)
  7 plants (D:3)
7 creatures vanquished.

Grand Total: 132 creatures vanquished

Notes
Turn   | Place    | Note
-------+----------+-------------------------------------------
     0 | D:1      | issech the Troll Monk began the quest for the Orb.
     0 | D:1      | Reached XP level 1. HP: 22/22 MP: 0/0
   126 | D:1      | Reached XP level 2. HP: 29/29 MP: 1/1
   659 | D:1      | Found Hocui's Jewellery Shoppe.
   825 | D:2      | Reached XP level 3. HP: 36/36 MP: 2/2
   999 | D:2      | Reached XP level 4. HP: 44/44 MP: 3/3
  1224 | D:2      | Found a runed translucent door.
  1225 | D:2      | Noticed Crazy Yiuf
  1626 | D:2      | Killed Crazy Yiuf
  1741 | D:3      | Found a faded altar of an unknown god.
  1749 | D:3      | Reached XP level 5. HP: 50/52 MP: 4/4
  2135 | D:3      | Noticed Grinder
  2136 | D:3      | Paralysed by Grinder for 5 turns
  2150 | D:3      | Paralysed by Grinder for 2 turns
  2168 | D:3      | Killed Grinder
  2169 | D:3      | Reached XP level 6. HP: 38/61 MP: 5/5
  2553 | D:3      | Noticed Robin
  2556 | D:3      | Killed Robin
  2861 | D:3      | Found a hazy altar of Hepliaklqana.
  2872 | D:3      | Became a worshipper of Hepliaklqana the Forgotten
  2872 | D:3      | Reached * piety under Hepliaklqana
  2872 | D:3      | Reached ** piety under Hepliaklqana
  2873 | D:3      | Remembered your ancestor Huemac as a battlemage
  2887 | D:3      | Reached XP level 7. HP: 28/60 MP: 6/6
  2909 | D:3      | Noticed Sigmund
  2916 | D:3      | Killed Sigmund
  3618 | D:4      | Noticed a glowing shapeshifter
  3618 | D:4      | a scorpion changed into a glowing shapeshifter
  3618 | D:4      | Noticed a steelbarb worm
  3618 | D:4      | a glowing shapeshifter changed into a steelbarb worm
  3629 | D:4      | Slain by a steelbarb worm (glowing shapeshifter)

Illustrated notes

Levels and vault maps discovered:
D:1:      dpeg_arrival_tiny_c, layout_loops_ring, serial_shops,
          nicolae_shop_trees, minivault_25
D:2:      layout_loops_ring, uniq_crazy_yiuf_cottage
D:3:      layout_basic, nicolae_hepliaklqana_hazy_memory,
          nicolae_ecumenical_snake_handling, minmay_increasing_density,
          uniq_robin, uniq_sigmund, uniq_grinder
D:4:      kennysheep_slugbush, layout_cave_pools

Skill      XL: |  1  2  3  4  5  6  7 |
---------------+----------------------+-----
Maces & Flails | 3 4 |  4.2
Dodging        | 3 |  3.9
Fighting       | 3 |  3.9
Staves         | 2 3 4 |  4.7
Stealth        | |  1.7

Action                   |  1- 3 |  4- 6 |  7- 9 || total
-------------------------+-------+-------+-------++-------
Melee: Mace              |   138 |    34 |       ||   172
       Punch             |     1 |       |       ||     1
       Quarterstaff      |       |    87 |    51 ||   138
Invok: Ancestor Life: Ba |       |     1 |       ||     1
 Stab: Sleeping          |     1 |     5 |     1 ||     7
Armor: Robe              |    80 |    35 |       ||   115
       Animal skin       |       |     4 |     5 ||     9
       Swamp dragon scal |       |       |    15 ||    15
Dodge: Dodged            |    97 |    61 |    23 ||   181
